 Dungeon Crawl Stone Soup version 0.31-a0-744-gbc345e7fcb (webtiles) character file.

Game seed: 7528122051449095275

1307 cforsyth the Trooper (level 8, -2/65 HPs)
             Began as a Djinni Delver on Sept 14, 2023.
             Slain by an ice beast (21 damage)
             ... on level 5 of the Dungeon.
             The game lasted 00:05:48 (4027 turns).

cforsyth the Trooper (Djinni Delver)                Turns: 4027, Time: 00:05:48

Health: -2/65      AC: 16    Str: 10 (11) XL:     8   Next: 88%
Gold:   158        EV: -4    Int: 12 (14) God:
                   SH:  0    Dex: 13 (15)

rFire   + + .        n - +2 short sword (flame)
rCold   x . .        (no shield)
rNeg    . . .        l - +0 crystal plate armour
rPois   ∞            j - +0 helmet
rElec   .            k - +0 cloak
rCorr   .            (no gloves)
SInv    .            (boots unavailable)
Will    .....        (no amulet) Stlth
                     (no ring)
HPRegen 0.30/turn    (no ring)
MPRegen 0.00/turn

%: infuse magic (-3 HP)
@: flying
A: sickness immunity, fire resistance 2, cold vulnerability 1, float, innate
caster, HP casting, extra vitality 1
a: no special abilities


You were on level 5 of the Dungeon.
You visited 2 branches of the dungeon, and saw 6 of its levels.

You collected 158 gold pieces.

Inventory:

Hand Weapons
 a - a +0 falchion
 n - a +2 short sword of flaming (weapon)
Armour
 b - a +0 leather armour
 h - a +2 robe of willpower
 j - a +0 helmet (worn)
 k - a +0 cloak (worn)
 l - a +0 crystal plate armour (worn)
Jewellery
 r - a ring of positive energy
 u - a +6 ring of intelligence
 z - a ring of see invisible
Wands
 g - a wand of digging (3)
 y - a wand of mindburst (9)
Scrolls
 c - a scroll of fog
 d - 2 scrolls of revelation
 e - a scroll of fear
 i - a scroll of immolation {unknown}
 m - a scroll of amnesia {unknown}
 q - 2 scrolls of noise {unknown}
 s - a scroll of vulnerability {unknown}
 w - 2 scrolls of teleportation {unknown}
 x - a scroll of identify {unknown}
Potions
 f - 2 potions of haste
 p - a potion of brilliance


   Skills:
 + Level 7.8 Fighting
 - Level 1.7 Long Blades
 - Level 2.1 Dodging
 - Level 4.1 Stealth
 + Level 5.1 Spellcasting
 + Level 5.1 Conjurations
 + Level 5.1 Hexes
   Level 0.0 Charms
 + Level 5.1 Summonings
 + Level 5.1 Necromancy
 + Level 5.1 Translocations
 + Level 5.1 Transmutations
 + Level 5.1 Fire Magic
 + Level 5.1 Ice Magic
 + Level 5.1 Air Magic
 + Level 5.1 Earth Magic
 + Level 5.1 Poison Magic


You knew the following spells:

 Your Spells              Type           Power      Damage    Failure   Level
a - Apportation           Tloc           30%        N/A       100%        1
b - Momentum Strike       Conj/Tloc      30%        3d8       100%        2
c - Scorch                Fire           30%        2d6       100%        2
Your spell library was empty.


Dungeon Overview and Level Annotations

Branches:
Dungeon (5/15)             Temple (1/1) D:5

Altars:
Ashenzari
Elyvilon
Fedhas
Makhleb
Nemelex Xobeh
Qazlal
Uskayaw
Wu Jian
Xom
Zin

Shops:
D:4 *

Annotations:
D:4 1 runed translucent door, Crazy Yiuf


Innate Abilities, Weirdness & Mutations

You are immune to sickness and miasma.
You are immune to poison.
Your flesh is very heat resistant. (rF++)
You are vulnerable to cold. (rC-)
You float through the air rather than walking.
You learn spells naturally, not from books.
Your magical power is your life essence.
You have superior vitality. (+4 MHP)


Message History

You barely miss the ice beast.
The ice beast is moderately wounded.
The ice beast hits you. The ice beast freezes you!
You feel a terrible chill!
You are too injured to fight recklessly!
You are too injured to fight recklessly!
You are too injured to fight recklessly!
You are too injured to fight recklessly!
You are too injured to fight recklessly!
You are too injured to fight recklessly!
You are too injured to fight recklessly!
The ice beast hits you but does no damage.
The ice beast attacks as it pursues you!
The ice beast hits you but does no damage.
You closely miss the ice beast.
The ice beast is moderately wounded.
The ice beast hits you but does no damage.
You barely miss the ice beast.
The ice beast is moderately wounded.
The ice beast hits you but does no damage.
You barely miss the ice beast.
The ice beast is lightly wounded.
The ice beast hits you but does no damage.
You closely miss the ice beast.
The ice beast is lightly wounded.
The ice beast hits you but does no damage.
You barely miss the ice beast.
The ice beast is lightly wounded.
The ice beast hits you but does no damage.
You hit the ice beast.
You melt the ice beast.
The ice beast is moderately wounded.
The ice beast hits you but does no damage.
You closely miss the ice beast.
The ice beast is moderately wounded.
The ice beast hits you. The ice beast freezes you!
You feel a terrible chill!
You hit the ice beast but do no damage.
The ice beast is moderately wounded.
The ice beast hits you.
* * * LOW HITPOINT WARNING * * *
The ice beast freezes you!!
You feel a terrible chill!
You die...

#..................#...#.
#.......##..........#.#Y.
#.......##...............
#................######..
#...........<............
#.......##...[...........
#.......######+####......
#.....wY##.......##'####.
#.......@........##...##.
#.................#...##.
#.......##........#...##.
#########P........#......
......##)##.....#......
.....P#)..#P....#......
........>....####...##.
.^..P#...#P...##+####.
##########.##............


You could see an ice beast and a worm.

Vanquished Creatures
  Grinder (D:3)
  Sigmund (D:3)
  Edmund (D:4)
  A water moccasin (D:4)
  An ice beast (Temple)
  A sky beast (D:5)
  Blork the orc (D:4)
  A bullfrog (D:5)
  A jelly (D:4)
  A hound (D:5)
  3 orc priests
  Jessica (D:2)
  An iguana (D:2)
  2 orc wizards
  Natasha (thrice) (D:4)
  Robin (D:4)
  2 adders
  2 dart slugs
  9 orcs
  7 ball pythons
  3 endoplasms
  2 giant cockroaches
  13 goblins
  3 hobgoblins
  2 jackals (D:1)
  5 kobolds
  3 quokkas (D:4)
  4 bats
  A frilled lizard (D:1)
  3 rats
80 creatures vanquished.

Notes
Turn   | Place    | Note
-------+----------+-------------------------------------------
     0 | D:5      | cforsyth the Djinni Delver began the quest for the Orb.
     0 | D:5      | Reached XP level 1. HP: 20/20 MP: 0/0
    15 | D:5      | Noticed a hound
    25 | D:5      | Noticed an ice beast
    35 | D:5      | Found a stormy altar of Qazlal.
    35 | D:5      | Noticed a sky beast
    60 | D:4      | Noticed a jelly
    65 | D:4      | Noticed an iguana
   343 | D:1      | Reached XP level 2. HP: 22/25 MP: 0/0
   646 | D:1      | Reached skill level 1 in Spellcasting
   646 | D:1      | Reached skill level 1 in Conjurations
   646 | D:1      | Reached skill level 1 in Hexes
   646 | D:1      | Reached skill level 1 in Summonings
   646 | D:1      | Reached skill level 1 in Necromancy
   646 | D:1      | Reached skill level 1 in Translocations
   646 | D:1      | Reached skill level 1 in Transmutations
   646 | D:1      | Reached skill level 1 in Fire Magic
   646 | D:1      | Reached skill level 1 in Ice Magic
   646 | D:1      | Reached skill level 1 in Air Magic
   646 | D:1      | Reached skill level 1 in Earth Magic
   646 | D:1      | Reached skill level 1 in Poison Magic
   729 | D:1      | Reached XP level 3. HP: 28/30 MP: 0/0
   729 | D:1      | Learned a level 1 spell: Apportation
   844 | D:1      | Found a faded altar of an unknown god.
  1165 | D:2      | Noticed Jessica
  1172 | D:2      | Reached skill level 4 in Fighting
  1172 | D:2      | Reached XP level 4. HP: 23/37 MP: 0/0
  1176 | D:2      | Killed Jessica
  1271 | D:4      | Reached XP level 5. HP: 17/42 MP: 0/0
  1271 | D:4      | Learned a level 2 spell: Momentum Strike
  1416 | D:4      | Noticed an orc warrior
  1567 | D:3      | Noticed Sigmund
  1587 | D:3      | Killed Sigmund
  1588 | D:3      | Reached skill level 5 in Fighting
  1588 | D:3      | Reached XP level 6. HP: 38/49 MP: 0/0
  1745 | D:3      | Noticed Grinder
  1779 | D:3      | Killed Grinder
  1780 | D:3      | Reached skill level 6 in Fighting
  1780 | D:3      | Reached XP level 7. HP: 35/56 MP: 0/0
  1780 | D:3      | Learned a level 2 spell: Scorch
  1879 | D:4      | Noticed Blork the orc
  2088 | D:4      | Killed Blork the orc
  2377 | D:4      | Noticed Natasha
  2377 | D:4      | Noticed a water moccasin
  2393 | D:4      | Killed a water moccasin
  2403 | D:4      | Killed Natasha
  2502 | D:4      | Noticed Edmund
  2523 | D:4      | Killed Edmund
  2524 | D:4      | Reached XP level 8. HP: 33/62 MP: 0/0
  2736 | D:4      | Reached skill level 7 in Fighting
  2929 | D:4      | Found Zin's Purification Station.
  2934 | D:4      | Found a glowing silver altar of Zin.
  2935 | D:4      | Noticed Robin
  3014 | D:4      | Killed Robin
  3056 | D:4      | Noticed Natasha
  3065 | D:4      | Killed Natasha
  3289 | D:4      | Found a runed translucent door.
  3290 | D:4      | Noticed Crazy Yiuf
  3321 | D:4      | Noticed Natasha
  3334 | D:4      | Killed Natasha
  3425 | D:5      | Found a staircase to the Ecumenical Temple.
  3458 | Temple   | Entered the Ecumenical Temple
  3529 | Temple   | Reached skill level 5 in Spellcasting
  3529 | Temple   | Reached skill level 5 in Conjurations
  3529 | Temple   | Reached skill level 5 in Hexes
  3529 | Temple   | Reached skill level 5 in Summonings
  3529 | Temple   | Reached skill level 5 in Necromancy
  3529 | Temple   | Reached skill level 5 in Translocations
  3529 | Temple   | Reached skill level 5 in Transmutations
  3529 | Temple   | Reached skill level 5 in Fire Magic
  3529 | Temple   | Reached skill level 5 in Ice Magic
  3529 | Temple   | Reached skill level 5 in Air Magic
  3529 | Temple   | Reached skill level 5 in Earth Magic
  3529 | Temple   | Reached skill level 5 in Poison Magic
  4027 | D:5      | Slain by an ice beast

Illustrated notes

Levels and vault maps discovered:
D:1:      sevenhm_arrival_forest_fort_small_3, layout_loops_ring,
          shapermc_ecumenical_altar_flowoftime, kennysheep_boxes
D:2:      layout_basic, basic_altar, hangedman_feature_mirror, uniq_jessica
D:3:      layout_loops_ring, yredelemnul_forgotten_temple_becter, serial_shops,
          nicolae_square_shop, minmay_misc_feat_secret_circle,
          grunt_decor_one_mirror, uniq_sigmund, uniq_grinder
D:4:      layout_rooms, zin_purify, uniq_crazy_yiuf_cottage, uniq_natasha,
          uniq_robin, uniq_edmund, uniq_blork_the_orc
D:5:      layout_gridville, nicolae_qazlal_beasts_of_the_sky,
          nicolae_overflow_hidden_temple, minmay_temple_entry_gardened_gates
Temple:   nicolae_temple_bog_church

Skill      XL: |  1  2  3  4  5  6  7  8 |
---------------+-------------------------+-----
Spellcasting   | 1 2 3 4 5 |  5.1
Conjurations   | 1 2 3 4 5 |  5.1
Hexes          | 1 2 3 4 5 |  5.1
Summonings     | 1 2 3 4 5 |  5.1
Necromancy     | 1 2 3 4 5 |  5.1
Translocations | 1 2 3 4 5 |  5.1
Transmutations | 1 2 3 4 5 |  5.1
Fire Magic     | 1 2 3 4 5 |  5.1
Ice Magic      | 1 2 3 4 5 |  5.1
Air Magic      | 1 2 3 4 5 |  5.1
Earth Magic    | 1 2 3 4 5 |  5.1
Poison Magic   | 1 2 3 4 5 |  5.1
Fighting       | 4 5 6 7 |  7.8
Long Blades    | |  1.7
Dodging        | |  2.1
Stealth        | |  4.1

Action                     |  1- 3 |  4- 6 |  7- 9 || total
---------------------------+-------+-------+-------++-------
  Melee: Falchion          |    66 |       |       ||    66
         Punch             |     1 |       |     2 ||     3
         Short sword       |    25 |    76 |   269 ||   370
    Use: Potion            |     1 |       |     6 ||     7
   Stab: Sleeping          |     6 |       |       ||     6
 Armour: Leather armour    |    24 |       |       ||    24
         Crystal plate arm |    52 |    57 |   319 ||   428
  Dodge: Dodged            |    33 |     1 |     6 ||    40

Table legend: (Time is in decaauts)
 A = Elapsed time spent in this place.
 B = Non-inter-level travel time spent in this place.
 C = Inter-level travel time spent in this place.
 D = Time resting spent in this place.
 E = Time spent auto-exploring this place.
 F = Levels seen in this place.
 G = Mean time per level.
                   A        B        C        D        E       F      G
               +--------+--------+--------+--------+--------+-----+--------+
         Total |   3990 |   3810 |    180 |    791 |   2056 |   6 |  665.0 |
       Dungeon |   3519 |   3339 |    180 |    356 |   2056 |   5 |  703.8 |
        Temple |    470 |    470 |      0 |    435 |      0 |   1 |  470.0 |
               +--------+--------+--------+--------+--------+-----+--------+

Top non-repeatable levels by time:
     D:4: 1538 daAuts
     D:1: 1057 daAuts
     D:3: 670 daAuts
  Temple: 470 daAuts
     D:5: 204 daAuts
     D:2: 49 daAuts
